 Dungeon Crawl Stone Soup version 0.32-a0-520-g344ed53f66 (webtiles) character file.

Game seed: 17797065409234919356

524266 Ruich the Planerender (level 25, -76/149 HPs)
             Began as a Tengu Air Elementalist on Feb 26, 2024.
             Was the Champion of Vehumet.
             Killed from afar by a yellow draconian annihilator (225 damage)
             ... with an acid spray
             ... led by a yellow draconian annihilator
             ... on level 1 of the Realm of Zot on Feb 28, 2024.
             The game lasted 06:00:28 (121734 turns).

Ruich the Planerender (Tengu Air Elementalist)    Turns: 121734, Time: 06:00:29

Health: -76/149    AC: 12    Str: 11    XL:     25   Next: 40%
Magic:  18/42      EV: 24    Int: 26    God:    Vehumet [******]
Gold:   3813       SH: 19    Dex: 16    Spells: 1/53 levels left

rFire   + . .        b - staff of the Little People {*Corrode rElec Dex-2 Conj Necro Air, !a}
rCold   + . .        o - +5 kite shield {reflect}
rNeg    + . .        C - +3 robe of the Hidden Vale {rElec rC+}
rPois   +            D - +2 hat of Amelioration {Stlth+}
rElec   +            r - +0 cloak of Decompression {rCorr Int-3 Dex+3}
rCorr   +            p - +2 pair of gloves {hurl}
SInv    .            (boots unavailable)
Will    ++...        H - amulet of Kubidghua {RegenMP rPois rC- rN+}
Stlth   ++++++++     g - ring of willpower
HPRegen 0.44/turn    B - ring "Buenuria" {rF+ rC+ Str+2}
MPRegen 0.68/turn

%: corrode self (3%), reflection, acrobat
@: calling dragons, flying, studying Hexes
A: beak, talons 3, evasive flight, acrobatic, clever 1, frail 1, persistent
drain
}: 3/15 runes: decaying, serpentine, slimy
a: Renounce Religion


You were on level 1 of the Realm of Zot.
You worshipped Vehumet.
Vehumet was exalted by your worship.
You visited 11 branches of the dungeon, and saw 48 of its levels.
You also visited: Trove.

You collected 7320 gold pieces.
You spent 3507 gold pieces at shops.


Innate Abilities, Weirdness & Mutations

You have a beak for a mouth.
You have claws for feet.
Your magical flight helps you evade attacks. (EV +4)
You can magically evade attacks while moving or waiting.
Your mind is acute. (Int +4, Str/Dex -1)
You are frail. (-10% HP)
Your health recovers twice as slowly from being drained.


   Skills:
 - Level 19.3 Fighting
 - Level 8.0 Armour
 - Level 15.8 Dodging
 - Level 16.9 Stealth
 - Level 15.0 Shields
 - Level 14.8 Spellcasting
 - Level 15.9 Conjurations
 - Level 5.0 Hexes
 O Level 27 Summonings
 - Level 7.3 Translocations
 - Level 4.0 Fire Magic
 - Level 2.5 Ice Magic
 - Level 13.9 Air Magic
 + Level 2.5 Shapeshifting


You had one spell level left.
You knew the following spells:

 Your Spells              Type           Power      Damage    Failure   Level
a - Airstrike             Air            47%        2d(7-23)  1%          4
c - Summon Cactus Giant   Summ           51%        N/A       0%          6
h - Summon Hydra          Summ           51%        N/A       1%          7
l - Dragon's Call         Summ           51%        N/A       9%          9
m - Malign Gateway        Summ/Tloc      41%        N/A       4%          7
t - Summon Horrible Thin  Summ           51%        N/A       1%          8
u - Passage of Golubria   Tloc           55%        N/A       2%          4
v - Summon Mana Viper     Hex/Summ       80%        N/A       1%          5
B - Blink                 Tloc           100%       N/A       1%          2

Your spell library contained the following spells:

 Spells                   Type           Power      Damage    Failure   Level
 Ignition                 Fire           20%        3d7       100%        8
 Shock                    Conj/Air       100%       1d9       0%          1
 Summon Small Mammal      Summ           100%       N/A       0%          1
 Apportation              Tloc           100%       N/A       1%          1
 Foxfire                  Conj/Fire      100%       2x1d9     1%          1
 Kiss of Death            Conj/Necr      100%       2d13      1%          1
 Slow                     Hex            100%       N/A       1%          1
 Sting                    Conj/Alch      100%       1d9       1%          1
 Necrotise                Necr           100%       1d9       6%          1
 Call Imp                 Summ           100%       N/A       0%          2
 Searing Ray              Conj           100%       2d8       0%          2
 Static Discharge         Conj/Air       100%       3-8/arc   0%          2
 Call Canine Familiar     Summ           100%       N/A       0%          3
 Summon Lightning Spire   Summ/Air       100%       N/A       0%          4
 Cigotuvi's Dreadful Rot  Necr/Alch/Air  100%       N/A       1%          2
 Ensorcelled Hibernation  Hex/Ice        76%        N/A       1%          2
 Jinxbite                 Hex            90%        N/A       1%          2
 Lesser Beckoning         Tloc           100%       N/A       1%          2
 Mercury Vapours          Alch/Air       100%       N/A       1%          2
 Momentum Strike          Conj/Tloc      100%       3d10      1%          2
 Dazzling Flash           Conj/Hex       100%       N/A       1%          3
 Frozen Ramparts          Ice            64%        1d10      1%          3
 Gell's Gravitas          Tloc           55%        N/A       1%          3
 Inner Flame              Hex/Fire       42%        N/A       1%          3
 Mephitic Cloud           Conj/Alch/Air  100%       N/A       1%          3
 Stone Arrow              Conj/Erth      100%       3d13      1%          3
 Swiftness                Air            95%        N/A       1%          3
 Teleport Other           Tloc           55%        N/A       1%          3
 Volatile Blastmotes      Fire/Tloc      96%        2d18      1%          3
 Animate Armour           Summ/Erth      100%       N/A       1%          4
 Brom's Barrelling Bould  Conj/Erth      74%        2d9       1%          4
 Flame Wave               Conj/Fire      82%        2d18      1%          4
 Fulminant Prism          Conj/Alch      37%        3d17      1%          4
 Iskenderun's Mystic Bla  Conj/Tloc      88%        2d17      1%          4
 Martyr's Knell           Necr/Summ      94%        N/A       1%          4
 Summon Blazeheart Golem  Fire/Summ      79%        N/A       1%          4
 Vhi's Electric Charge    Tloc/Air       100%       N/A       1%          4
 Arcjolt                  Conj/Air       60%        1d70      1%          5
 Fireball                 Conj/Fire      41%        3d17      1%          5
 Freezing Cloud           Conj/Ice/Air   53%        6-21      1%          5
 Irradiate                Conj/Alch      37%        3d24      1%          5
 Summon Forest            Summ/Tloc      41%        N/A       1%          5
 Orb of Destruction       Conj           50%        9d13      1%          7
 Spellforged Servitor     Conj/Summ      57%        N/A       1%          7
 Confusing Touch          Hex            45%        N/A       2%          3
 Sigil of Binding         Hex            45%        N/A       2%          3
 Manifold Assault         Tloc           55%        N/A       2%          4
 Silence                  Hex/Air        40%        N/A       3%          5
 Starburst                Conj/Fire      41%        6d12      4%          6
 Ozocubu's Armour         Ice            32%        N/A       6%          3
 Plasma Beam              Fire/Air       39%        2x1d52    6%          6
 Ignite Poison            Fire/Alch      29%        N/A       7%          4
 Sticky Flame             Fire/Alch      29%        2d7       7%          4
 Cause Fear               Hex            22%        N/A       8%          4
 Sublimation of Blood     Necr           29%        N/A       9%          2
 Olgreb's Toxic Radiance  Alch           19%        N/A       16%         4
 Fugue of the Fallen      Necr           29%        N/A       17%         3
 Vampiric Draining        Necr           29%        2d8       17%         3
 Maxwell's Capacitive Co  Air            47%        ∞         30%         8
 Metabolic Englaciation   Hex/Ice        19%        N/A       34%         5
 Lee's Rapid Deconstruct  Erth           9%         3d7*      36%         5
 Dispersal                Tloc           27%        N/A       41%         6
 Animate Dead             Necr           29%        N/A       50%         4
 Dispel Undead            Necr           29%        3d13      50%         4
 Leda's Liquefaction      Alch/Erth      9%         N/A       50%         4
 Petrify                  Alch/Erth      19%        N/A       50%         4
 Alistair's Intoxication  Alch           12%        N/A       85%         5
 Curse of Agony           Necr           29%        N/A       85%         5
 Chain Lightning          Conj/Air       60%        3d80      95%         9
 Lehudib's Crystal Spear  Conj/Erth      37%        10d9      96%         8
 Ozocubu's Refrigeration  Ice            16%        4d11      98%         7
 Sculpt Simulacrum        Ice/Alch       12%        N/A       99%         6
 Death Channel            Necr           14%        N/A       100%        6
 Discord                  Hex            22%        N/A       100%        8
 Infestation              Necr           14%        N/A       100%        8
 Fire Storm               Conj/Fire      41%        8d10      100%        9
 Polar Vortex             Ice            16%        12d2*     100%        9
 Shatter                  Erth           9%         3d11*     100%        9

Inventory:

Hand Weapons
 a - a +9 demon whip of electrocution
Armour
 o - a +5 kite shield of reflection (worn)
 p - a +2 pair of gloves of hurling (worn)
 r - the +0 cloak of Decompression (worn) {rCorr Int-3 Dex+3}
   (You found it on level 2 of the Vaults)

   Int-3:     It affects your intelligence (-3).
   Dex+3:     It affects your dexterity (+3).
   rCorr:     It protects you from acid and corrosion.
 C - the +3 robe of the Hidden Vale (worn) {rElec rC+}
   (You took it off Boris on level 2 of the Vaults)

   rC+:       It protects you from cold.
   rElec:     It insulates you from electricity.
 D - the +2 hat of Amelioration (worn) {Stlth+}
   (You found it on level 10 of the Dungeon)

   Stlth+:    It makes you more stealthy.
 X - a +2 robe of willpower
Magical Staves
 b - the staff of the Little People (weapon) {*Corrode rElec Dex-2 Conj Necro Air, !a}
   (You found it on level 4 of the Lair of Beasts)

   [staff of air]

   Base accuracy: +5 Base damage: 5 Base attack delay: 1.2 This weapon's minimum
   attack delay (0.6) is reached at skill level 12.
   Dex-2:     It affects your dexterity (-2).
   rElec:     It insulates you from electricity.
   *Corrode:  It may corrode you when you take damage.
   Conj:      It increases the power of your Conjurations spells.
   Necro:     It increases the power of your Necromancy spells.
   Air:       It increases the power of your Air spells.
   It falls into the 'Staves' category.
   It is a one-handed weapon.
Jewellery
 g - a ring of willpower (left hand)
 i - the ring of Rismoukelo {^Contam rElec rN++ AC+4 Stlth-}
   (You acquired it on level 4 of the Dungeon)

   [ring of protection]

   AC+4:      It affects your AC (+4).
   rElec:     It insulates you from electricity.
   rN++:      It greatly protects you from negative energy.
   ^Contam:   It causes magical contamination when unequipped.
   Stlth-:    It makes you less stealthy.
 v - the amulet "Ydduly" {Regen+ Dex+2}
   (You found it on level 5 of the Pits of Slime)

   [amulet of regeneration]

   Dex+2:     It affects your dexterity (+2).
   Regen+:    It increases your rate of health regeneration.
 B - the ring "Buenuria" (right hand) {rF+ rC+ Str+2}
   (You took it off a deep elf sorcerer on level 3 of the Elven Halls)

   [ring of protection from fire]

   Str+2:     It affects your strength (+2).
   rF+:       It protects you from fire.
   rC+:       It protects you from cold.
 G - a ring of wizardry
 H - the amulet of Kubidghua (around neck) {RegenMP rPois rC- rN+}
   (You acquired it on level 1 of the Lair of Beasts)

   [amulet of magic regeneration]

   RegenMP:   It increases your rate of magic regeneration.
   rC-:       It makes you vulnerable to cold.
   rPois:     It protects you from poison rN+: It protects you from negative
   energy.
 I - the ring "Visch" {*Slow Fly Will+ MP+9}
   (You found it on level 2 of the Vaults)

   [ring of willpower]

   Will+:     It increases your willpower.
   MP+9:      It affects your magic capacity (+9).
   Fly:       It grants you flight.
   *Slow:     It may slow you when you take damage.
 K - the ring of Hospitality {Int+7 SInv}
   (You found it on level 4 of the Depths)

   [ring of see invisible]

   Int+7:     It affects your intelligence (+7).
   SInv:      It lets you see invisible.
 L - the ring "Esufa" {rElec rCorr EV+5 Dex-4 Stlth+}
   (You found it on level 2 of the Depths)

   [ring of evasion]

   EV+5:      It affects your evasion (+5).
   Dex-4:     It affects your dexterity (-4).
   rElec:     It insulates you from electricity.
   rCorr:     It protects you from acid and corrosion.
   Stlth+:    It makes you more stealthy.
 P - a ring of protection from fire
 V - a ring of poison resistance
Talismans
 c - a granite talisman
Wands
 k - a wand of quicksilver (13)
 s - a wand of digging (8)
 T - a wand of roots (41)
Scrolls
 d - 5 scrolls of blinking
 e - 4 scrolls of revelation
 f - a scroll of vulnerability
 q - 10 scrolls of fear
 t - 5 scrolls of enchant armour
 w - 3 scrolls of immolation
 x - 5 scrolls of butterflies
 z - 4 scrolls of amnesia
 N - 15 scrolls of fog
 O - 31 scrolls of teleportation {@r2}
 Q - 2 scrolls of silence {!r}
Potions
 h - 11 potions of mutation
 j - 4 potions of resistance
 l - 8 potions of lignification
 m - 7 potions of invisibility
 n - 3 potions of heal wounds {@q2}
 u - 8 potions of haste {@q3}
 y - 7 potions of brilliance
 E - 3 potions of ambrosia
 M - 5 potions of magic
 S - 6 potions of enlightenment
 U - a potion of might
 W - 4 potions of cancellation
Miscellaneous
 A - a phantom mirror
 F - a lightning rod (4/4)
 J - a sack of spiders
 Y - a tin of tremorstones (2/2)
 Z - a phial of floods

Dungeon Overview and Level Annotations

Branches:
Dungeon (15/15)            Temple (1/1) D:7            Lair (5/5) D:8
  Swamp (4/4) Lair:3        Snake (4/4) Lair:2        Slime (5/5) Lair:4
    Orc (2/2) D:12            Elf (3/3) Orc:2        Vaults (4/5) D:13
  Crypt (0/3) Vaults:2     Depths (4/4) D:15            Zot (1/5) Depths:4

Altars:
Ashenzari
Cheibriados
Dithmenos
Elyvilon
Fedhas
Gozag
Hepliaklqana
Kikubaaqudgha
Makhleb
Nemelex Xobeh
Okawaru
Qazlal
Ru
Sif Muna
Trog
Uskayaw
Vehumet
Wu Jian
Xom
Yredelemnul
Zin
The Shining One
Beogh
Jiyva

Shops:
D:6 (   Orc:2 !=(?   Elf:1 ?   Elf:3 (?:=   Snake:2 ??((=   Snake:4 ?
Depths:1 :

Portals:
Hell: Depths:1 Depths:2 Depths:3 Depths:4
Abyss: Depths:3
Pandemonium: Depths:1 Depths:2
Ziggurat: Depths:1

Annotations:
Elf:2 5 runed translucent doors

*,,,,⌠).q..,,,,,**,,,,~,
*,,***#D..,**,,**,,,,~~~
###..####DD#.##.,*,,,,,~~~
###..####qq#####,*,,*,,,~,
###..####§§##..#,,,,***,*,
###..####§§##..+,*,,* **>*
###..####§.##..#,,,,***,*,
###..####§.#####,*,,*,,,~,
###$...X.@.#.##.,*,,,,,~~~
###....XXSX#.##.,**,,,,~~~
###..####X.#....,,**,,,,~,
###..####...##..*,,**,,,,,
###..#####...###**,,***,*,
###..######...## **,,,,,,,
###...######...#**,,,,**+*
####...######...#*,,***,,,
#####...######.##**,***,,,


You could see 2 draconians, a friendly tentacled monstrosity (summoned), a
friendly golden dragon (summoned), a friendly fire dragon (summoned), a friendly
quicksilver dragon (summoned), 4 friendly large abominations and a friendly mana
viper (summoned).


Message History

The yellow draconian annihilator mumbles some strange words.
The yellow draconian annihilator blinks!
Casting: Dragon's Call (dangerous; 9% risk of failure)
Confirm with . or Enter, or press ? or * to list all spells.
You need more open space to create a gateway.
Unknown command.
Something barely misses your golden dragon.
Your golden dragon misses the yellow draconian annihilator.
Your golden dragon claws the yellow draconian annihilator.
Your golden dragon completely misses the yellow draconian annihilator.
Unknown command.
Casting: Malign Gateway (dangerous; 4% risk of failure)
Confirm with . or Enter, or press ? or * to list all spells.
A dragon arrives to answer your call! Something hits your golden dragon.
Your quicksilver dragon bites the yellow draconian annihilator!
Your quicksilver dragon claws the yellow draconian annihilator!
The yellow draconian annihilator gestures wildly while chanting.
The yellow draconian annihilator blinks!
Casting: Summon Horrible Things (dangerous; 1% risk of failure)
Confirm with . or Enter, or press ? or * to list all spells.
A mana viper appears with a sibilant hiss.
Your quicksilver dragon bites the yellow draconian annihilator!!
Your quicksilver dragon claws the yellow draconian annihilator!
Something hits your fire dragon.
The yellow draconian annihilator casts a spell at you.
The bolt of lightning is repelled.
The yellow draconian annihilator throws acid at you.
You resist.
Ouch! That really hurt!
You die...

Skill      XL: |  1  2  3  4  5  6  7  8  9 10 11 12 13 14 15 16 17 18 19 20 21 22 23 24 25 |
---------------+----------------------------------------------------------------------------+-----
Air Magic      | 5 6 7 8 9 10 12 13 | 13.9
Spellcasting   | 3 4 6 7 8 9 10 12 13 14 | 14.8
Fighting       | 1 2 3 6 8 9 11 13 14 15 16 17 18 19 | 19.3
Dodging        | 3 5 7 9 10 12 14 15 | 15.8
Stealth        | 3 4 5 11 12 15 16 | 16.9
Shields        | 2 8 12 13 14 15 | 15.0
Summonings     | 8 12 15 16 20 22 25 27 | 27.0
Translocations | 2 5 7 |  7.3
Hexes          | 4 5 |  5.0
Conjurations   | 4 8 10 15 | 15.9
Ice Magic      | 2 |  2.5
Fire Magic     | 4 |  4.0
Armour         | 6 8 |  8.0
Shapeshifting  | 2 |  2.5

Action                     |  1- 3 |  4- 6 |  7- 9 | 10-12 | 13-15 | 16-18 | 19-21 | 22-24 | 25-27 || total
---------------------------+-------+-------+-------+-------+-------+-------+-------+-------+-------++-------
  Melee: Unarmed           |     5 |       |       |       |       |       |       |       |       ||     5
         Kick              |     4 |       |     1 |       |     1 |       |       |     2 |       ||     8
         Peck              |     2 |       |     2 |       |       |       |       |     1 |       ||     5
         Whip              |    19 |       |       |       |       |       |       |       |       ||    19
         Staff             |       |       |     7 |       |     2 |       |       |       |       ||     9
         Demon whip        |       |       |       |       |       |       |       |     2 |       ||     2
   Cast: Shock             |    69 |    69 |    69 |    57 |    13 |       |       |       |       ||   277
         Static Discharge  |     3 |    13 |    56 |    65 |   104 |     2 |       |       |       ||   243
         Airstrike         |       |       |    31 |   179 |   243 |   239 |   349 |   112 |     1 ||  1154
         Swiftness         |       |       |     3 |     1 |       |       |       |       |       ||     4
         Summon Forest     |       |       |       |       |    70 |   130 |    84 |     8 |       ||   292
         Summon Cactus Gia |       |       |       |       |    96 |   145 |   110 |     9 |       ||   360
         Summon Mana Viper |       |       |       |       |    79 |   142 |   112 |     8 |     1 ||   342
         Summon Lightning  |       |       |       |       |    25 |     7 |       |       |       ||    32
         Blink             |       |       |       |       |       |     3 |     5 |     3 |       ||    11
         Freezing Cloud    |       |       |       |       |       |     1 |     2 |       |       ||     3
         Orb of Destructio |       |       |       |       |       |    11 |    97 |     1 |       ||   109
         Dragon's Call     |       |       |       |       |       |       |    14 |    87 |    15 ||   116
         Summon Hydra      |       |       |       |       |       |       |       |    41 |       ||    41
         Plasma Beam       |       |       |       |       |       |       |       |     2 |       ||     2
         Summon Horrible T |       |       |       |       |       |       |       |    10 |     2 ||    12
         Malign Gateway    |       |       |       |       |       |       |       |     2 |     4 ||     6
         Passage of Golubr |       |       |       |       |       |       |       |     1 |       ||     1
  Evoke: Wand              |       |       |       |       |       |     1 |     1 |       |       ||     2
         Sack of spiders   |       |       |       |       |       |     1 |       |       |       ||     1
    Use: Scroll            |       |     5 |     7 |     1 |    26 |    19 |     3 |    24 |     1 ||    86
         Potion            |       |       |     1 |     1 |     1 |     3 |     4 |    11 |     1 ||    22
 Armour: Robe              |    18 |    27 |   116 |   132 |   329 |   206 |   149 |   133 |    13 ||  1123
  Dodge: Dodged            |    36 |    17 |   101 |    95 |   456 |   368 |   211 |   172 |     8 ||  1464
         Repelled          |       |       |       |       |       |       |       |    22 |    13 ||    35
  Block: Other             |       |       |    12 |     7 |       |       |       |       |       ||    19
         Reflection        |       |       |     1 |       |       |     6 |    90 |     4 |       ||   101
         Tower shield      |       |       |       |    88 |   155 |       |       |       |       ||   243
         Kite shield       |       |       |       |       |   192 |   354 |   185 |   183 |    17 ||   931
         Buckler           |       |       |       |       |       |       |     5 |     5 |       ||    10

Levels and vault maps discovered:
D:1:      lightli_arrival_chessboard, layout_loops_cross, columned_hall_lemuel
D:2:      layout_loops_ring, kennysheep_generic_room_12
D:3:      layout_basic
D:4:      layout_loops_corners
D:5:      layout_layer_cave, mainiacjoe_overflow_alcove_2
D:6:      layout_rooms, general_overflow_altar, serial_shops, shop,
          minmay_microvault
D:7:      layout_basic, minmay_temple_entry_sparse_star
D:8:      layout_cave_pools, yredelemnul_altar_generic, hellmonk_lair_entry_icy,
          minmay_nine_imps, uniq_jeremiah
D:9:      layout_irregular_city, okawaru_gym_becter
D:10:     layout_cave_pools, hangedman_ru_absence, hellmonk_ghost_big_iron,
          uniq_sonja
D:11:     layout_big_octagon
D:12:     cheibrodos_hippocracy, layout_rooms, orc_0_dummy, uniq_maurice
D:13:     layout_irregular_city, erik_vaults_2, uniq_jorgrun
D:14:     layout_rooms, roderic_serpentine_path, ebering_ghost_disaster_area,
          fedhas_altar_2, uniq_josephine, uniq_agnes
D:15:     grunt_enter_depths_snipers, layout_stronghold, fiery_altar_vehumet,
          grunt_ministairs_11, kennysheep_pointless_box, kennysheep_inner_square
Temple:   nicolae_temple_bog_church
Lair:1:   layout_cave_pods, serial_bayou_crossing, grunt_megastairs_1,
          serial_bayou_shore_a
Lair:2:   layout_cave_pods, minmay_snake_entry_six_corridors
Lair:3:   layout_regular_city, minmay_swamp_entry_eels, portal_ice_cave_rime,
          uniq_snorg, uniq_amaemon
Lair:4:   cheibrodos_lair_overgrown_chateau, layout_misc_corridors,
          minmay_slime_entry_oklob_open
Lair:5:   minmay_lair_end_frog_pond, layout_cave_pods
Swamp:1:  nicolae_swamp_standing_stones, layout_basic_swamp,
          evilmike_swamp_ruin_house_6, swamp_pool_3,
          nicolae_swamp_rocky_clearing
Swamp:2:  layout_basic_swamp, serial_swamp_ruin, evilmike_swamp_ruin_house_5,
          evilmike_swamp_ruin_house_2
Swamp:3:  layout_basic_swamp, nicolae_swamp_fairy_circle,
          nicolae_swamp_long_stream
Swamp:4:  swamp_vile, layout_basic_swamp, swamp_pool_4
Snake:1:  layout_honeycomb
Snake:2:  layout_onion, serial_shops, nicolae_stop_n_shop_2,
          grunt_ministairs_11, minmay_shop_grid_forest
Snake:3:  cheibrodos_snake_ritualist_ritual, layout_concentric_octagons,
          drop_trap, serial_bayou_shore_b, uniq_mlioglotl
Snake:4:  minmay_snake_end_coiled, layout_grid_shapes,
          gammafunk_ghost_necromancy, serial_shops, nicolae_shop_real_fake_doors
Slime:1:  layout_caves
Slime:2:  layout_caves
Slime:3:  layout_caves, basic_altar
Slime:4:  layout_caves, basic_altar
Slime:5:  slime_pit_nicolae_block_by_block
Orc:1:    layout_diamond_mine
Orc:2:    pubby_orc_utopia, uniq_donald
Elf:1:    minmay_elf_arrival_plus, layout_geoelf_octagon, serial_shops, shop,
          nicolae_elf_shapeshifter_party, david_defended_altar_elf, uniq_aizul
Elf:2:    elven_hall_of_blades_hangedman_alternative
          [mumra_blade_entry_bloodbath], layout_loops_ring, basic_altar
Elf:3:    elf_hall, layout_loops_cross, minmay_shoptagon
Vaults:1: nicolae_whirlpool, vaults_room_grunt_arrival_ludios,
          nicolae_vaults_wine_cellar, nicolae_vaults_little_squares_4,
          nicolae_vaults_mini_display_case, vaults_room_boxed,
          nicolae_vaults_wrenched, nicolae_vaults_ninety_degrees,
          vaults_room_hallway, vaults_mumra_chevron,
          nicolae_vaults_trapezoid_lopsided_3, nicolae_vaults_apartment_2,
          nicolae_vaults_apartment_2, layout_vaults_ring
Vaults:2: gammafunk_ghost_crypt, nicolae_vaults_trapezoid_lopsided_3,
          vaults_dpeg_hooks, minmay_crypt_entry_nasty_monster,
          nicolae_vaults_little_squares_1, nicolae_vaults_tetromino_Z_1,
          layout_vaults_omnigrid, uniq_boris
Vaults:3: nicolae_vaults_tangram_2, nicolae_vaults_hallways_thing,
          nicolae_vaults_house_3, nicolae_vaults_apartment_1,
          nicolae_vaults_shelves_hall, nicolae_vaults_storage_room_doors,
          v_misc_27, nicolae_vaults_tetromino_Z_1, vaults_mumra_hex,
          vaults_room_large_hall, hangedman_vaults_corner,
          nicolae_vaults_yaktaur_gun_rack, layout_vaults_omnicross, serial_glass
Vaults:4: v_rooms_4, nicolae_vaults_circle_grid_b,
          nicolae_vaults_storage_closets_3, st_greater_box_1,
          nicolae_vaults_oval_intersection, nicolae_vaults_tetromino_T_1,
          hangedman_vaults_variations, nicolae_vaults_stepped_doors,
          nicolae_vaults_ellipses_ellipsis, vaults_standard_mumra_x,
          nicolae_vaults_asterisk, vaults_room_door_ring, nicolae_vaults_two_Ls,
          layout_vaults_omnibox
Depths:1: layout_cave_shapes, enter_ziggurat_b, rand_demon_pan_entry_8,
          pf_hell_entry_tar_spiral, enter_trove_0, minmay_crystal_room,
          serial_glass, glass_columns_a, glass_columns_a,
          nicolae_shop_i_like_big_books, hangedman_eye_storm, uniq_saint_roka
Depths:2: grunt_bent_corner, layout_cave_pools, hell_entry, nrook_campfire,
          rand_demon_pan_entry_7, hangedman_abyss_or_decor_lesser_grid,
          minmay_fire_ice_demons, uniq_grunn
Depths:3: minmay_the_grid_3x3 [minmay_the_grid_empty, minmay_the_grid_expand,
          minmay_the_grid_paths, minmay_the_grid_mess, minmay_the_grid_dragon_a,
          minmay_the_grid_diamond_grid, minmay_the_grid_garden,
          minmay_the_grid_airy, minmay_the_grid_prize_big_room],
          layout_small_grid, lightli_too_deep, nicolae_zig_zag_zippers,
          abyss_entry_small_statue_room
Depths:4: grunt_profane_halls [grunt_zot_portal, grunt_profane_temple_geh,
          grunt_profane_temple_tar, grunt_profane_temple_dis,
          grunt_profane_temple_coc], hell_entry
Zot:1:    layout_concentric_octagons, regret_index_zotdec_fiery_em,
          grunt_megastairs_2

Notes
Turn   | Place    | Note
-------+----------+-------------------------------------------
     0 | D:1      | Ruich the Tengu Air Elementalist began the quest for the
                  | Orb.
     0 | D:1      | Reached XP level 1. HP: 10/10 MP: 4/4
   220 | D:1      | Reached XP level 2. HP: 6/15 MP: 1/6
   763 | D:1      | Reached XP level 3. HP: 13/19 MP: 1/7
  1046 | D:1      | Reached skill level 5 in Air Magic
  1282 | D:1      | Learned a level 2 spell: Static Discharge
  1574 | D:2      | You fall into a shaft and drop 1 floor!
  1667 | D:2      | Reached XP level 4. HP: 18/24 MP: 3/9
  1807 | D:2      | Reached skill level 3 in Spellcasting
  1807 | D:2      | Reached skill level 6 in Air Magic
  1852 | D:2      | Learned a level 4 spell: Airstrike
  2676 | D:3      | Reached XP level 5. HP: 28/28 MP: 8/10
  3564 | D:4      | Identified a scroll of acquirement
  3564 | D:4      | Acquired the ring of Rismoukelo {^Contam rElec rN++ AC+4
                  | Stlth-}
  3737 | D:4      | Noticed a phantom
  3757 | D:4      | Killed a phantom
  3758 | D:4      | Reached skill level 7 in Air Magic
  3758 | D:4      | Reached XP level 6. HP: 32/32 MP: 4/11
  4203 | D:4      | Reached skill level 8 in Air Magic
  4495 | D:4      | Reached skill level 1 in Fighting
  4574 | D:4      | Noticed a black bear
  4931 | D:4      | Killed a black bear
  4932 | D:4      | Gained mutation: Your magical flight helps you evade
                  | attacks. (EV +4) [Tengu growth]
  4932 | D:4      | Reached XP level 7. HP: 38/38 MP: 6/13
  5078 | D:5      | Entered Level 5 of the Dungeon
  5085 | D:5      | Reached skill level 3 in Dodging
  5412 | D:5      | Reached skill level 3 in Stealth
  5729 | D:5      | Reached skill level 2 in Fighting
  5855 | D:5      | Reached skill level 9 in Air Magic
  6258 | D:5      | Found the +4 robe of Augmentation {Str+4 Int+4 Dex+4}
  6321 | D:5      | Found a glowing golden altar of the Shining One.
  6849 | D:6      | Noticed a wraith
  6959 | D:6      | Killed a wraith
  6960 | D:6      | Reached XP level 8. HP: 45/45 MP: 1/14
  7296 | D:6      | Found a radiant altar of Vehumet.
  7340 | D:6      | Became a worshipper of Vehumet
  7683 | D:5      | Learned a level 3 spell: Swiftness
  7730 | D:6      | Found Zoidd's Antique Weapon Emporium.
  8016 | D:7      | Reached skill level 4 in Dodging
  8016 | D:7      | Reached skill level 4 in Spellcasting
  8158 | D:7      | Found a staircase to the Ecumenical Temple.
  8161 | D:7      | Reached skill level 3 in Fighting
  8161 | D:7      | Reached skill level 4 in Stealth
  8311 | D:7      | Reached skill level 10 in Air Magic
  8512 | Temple   | Entered the Ecumenical Temple
  8742 | Temple   | Reached skill level 5 in Dodging
  8863 | D:7      | Reached XP level 9. HP: 46/52 MP: 9/17
  9237 | D:7      | Reached skill level 4 in Fighting
  9644 | D:8      | Noticed a rime drake
  9645 | D:8      | Noticed a polar bear
  9654 | D:8      | Found a basalt altar of Yredelemnul.
  9670 | D:7      | Reached skill level 5 in Stealth
  9671 | D:7      | Reached skill level 5 in Spellcasting
  9717 | D:7      | Killed a rime drake
  9820 | D:8      | Reached skill level 6 in Dodging
  9968 | D:8      | Noticed Jeremiah
 10123 | D:8      | Killed Jeremiah
 10124 | D:8      | Reached skill level 5 in Fighting
 10241 | D:7      | Killed a polar bear
 10593 | D:8      | Noticed a two-headed ogre
 10605 | D:8      | Reached skill level 6 in Spellcasting
 10713 | D:8      | Reached skill level 7 in Dodging
 10907 | D:8      | Reached skill level 6 in Fighting
 10908 | D:8      | Reached XP level 10. HP: 60/60 MP: 7/20
 10920 | D:8      | Killed a two-headed ogre
 11143 | D:7      | Reached skill level 8 in Dodging
 11474 | D:8      | Reached skill level 7 in Spellcasting
 11590 | D:8      | Found a staircase to the Lair.
 11697 | D:8      | Reached skill level 7 in Fighting
 12165 | Lair:1   | Entered Level 1 of the Lair of Beasts
 12172 | Lair:1   | Reached * piety under Vehumet
 12172 | Lair:1   | Offered knowledge of Magic Dart by Vehumet.
 12274 | Lair:1   | Reached skill level 9 in Dodging
 12446 | Lair:1   | Noticed a cane toad
 12492 | Lair:1   | Noticed a catoblepas
 12550 | Lair:1   | Noticed a cane toad
 12551 | Lair:1   | Noticed a cane toad
 12562 | Lair:1   | Killed a cane toad
 12563 | Lair:1   | Reached skill level 1 in Shields
 12563 | Lair:1   | Killed a cane toad
 12564 | Lair:1   | Reached skill level 8 in Fighting
 12564 | Lair:1   | Reached skill level 2 in Shields
 12564 | Lair:1   | Reached XP level 11. HP: 66/68 MP: 3/23
 12657 | Lair:1   | Killed a catoblepas
 12658 | Lair:1   | Reached skill level 3 in Shields
 12806 | Lair:1   | Reached skill level 4 in Shields
 13627 | Lair:1   | Acquired the amulet of Kubidghua {RegenMP rPois rC- rN+}
 13810 | Lair:1   | Reached skill level 5 in Shields
 14158 | Lair:2   | Reached skill level 9 in Fighting
 14158 | Lair:2   | Reached skill level 6 in Shields
 14472 | Lair:2   | Offered knowledge of Freeze by Vehumet.
 14499 | Lair:2   | Reached skill level 7 in Shields
 14544 | Lair:2   | Reached ** piety under Vehumet
 14868 | Lair:2   | Reached skill level 8 in Shields
 14925 | Lair:2   | Found a staircase to the Snake Pit.
 15076 | Lair:2   | Reached XP level 12. HP: 77/77 MP: 14/24
 15503 | Lair:3   | Noticed an eight-headed hydra
 15632 | Lair:3   | Noticed Amaemon
 15636 | Lair:3   | Killed Amaemon
 15637 | Lair:3   | Reached skill level 10 in Fighting
 15639 | Lair:3   | Reached skill level 9 in Shields
 15702 | Lair:3   | Killed an eight-headed hydra
 15899 | Lair:3   | Found a frozen archway.
 15991 | Lair:3   | Reached skill level 10 in Shields
 16013 | Lair:3   | Noticed a death yak
 16017 | Lair:3   | Noticed a death yak
 16020 | Lair:3   | Noticed a death yak
 16022 | Lair:3   | Killed a death yak
 16275 | Lair:3   | Reached skill level 11 in Shields
 16638 | Lair:3   | Offered knowledge of Scorch by Vehumet.
 16825 | Lair:3   | Found a staircase to the Swamp.
 16847 | Lair:3   | Noticed a skyshark
 16848 | Lair:3   | Noticed Snorg
 16852 | Lair:3   | Killed a skyshark
 16853 | Lair:3   | Reached skill level 11 in Fighting
 16867 | Lair:3   | Killed Snorg
 16868 | Lair:3   | Reached skill level 12 in Shields
 16868 | Lair:3   | Reached XP level 13. HP: 66/84 MP: 2/25
 17135 | Lair:3   | Learned a level 6 spell: Summon Cactus Giant
 17232 | Lair:3   | Reached skill level 1 in Summonings
 17502 | Lair:4   | Reached *** piety under Vehumet
 17503 | Lair:4   | Reached skill level 2 in Summonings
 17787 | Lair:4   | Reached skill level 3 in Summonings
 18451 | Lair:4   | Reached skill level 4 in Summonings
 18566 | Lair:4   | Found a staircase to the Slime Pits.
 18594 | Lair:4   | Found a viscous altar of Jiyva.
 18932 | Lair:4   | Reached skill level 5 in Summonings
 18964 | Lair:4   | Reached skill level 13 in Shields
 19149 | Lair:4   | Reached skill level 6 in Summonings
 19178 | Lair:4   | Identified the staff of the Little People {*Corrode rElec
                  | Dex-2 Conj Necro Air}
 19286 | Lair:4   | Identified the +1 chain mail of Zoaweon {Stlth+}
 19467 | Lair:5   | Entered Level 5 of the Lair of Beasts
 19827 | Lair:5   | Reached skill level 7 in Summonings
 20776 | Lair:4   | Found a staircase to the Slime Pits.
 20777 | Lair:4   | Found a viscous altar of Jiyva.
 20898 | Lair:4   | Learned a level 5 spell: Summon Forest
 21192 | Lair:5   | Reached skill level 8 in Summonings
 21192 | Lair:5   | Reached skill level 1 in Translocations
 21539 | Lair:5   | Offered knowledge of Stone Arrow by Vehumet.
 22103 | Lair:5   | Reached skill level 2 in Translocations
 22655 | Lair:5   | Reached XP level 14. HP: 80/90 MP: 8/26
 22661 | Lair:5   | Reached skill level 9 in Summonings
 22705 | Lair:5   | Reached skill level 3 in Translocations
 23953 | Lair:5   | Reached **** piety under Vehumet
 24215 | Lair:5   | Identified the ring of Geol {Fire Fly rN+ Int+5}
 24435 | Lair:5   | Reached skill level 4 in Translocations
 24452 | Lair:5   | Reached skill level 10 in Summonings
 24466 | Lair:5   | Offered knowledge of Sticky Flame by Vehumet.
 24730 | Lair:5   | Learned a level 5 spell: Summon Mana Viper
 24819 | Lair:5   | Reached skill level 1 in Hexes
 25438 | D:9      | Reached skill level 5 in Translocations
 25511 | D:9      | Reached skill level 2 in Hexes
 25922 | D:9      | Found an iron altar of Okawaru.
 26117 | D:9      | Reached ***** piety under Vehumet
 26408 | D:10     | Entered Level 10 of the Dungeon
 26431 | D:10     | Offered knowledge of Eringya's Noxious Bog by Vehumet.
 26432 | D:10     | Reached skill level 11 in Summonings
 26488 | D:10     | Identified the +2 hat of Amelioration {Stlth+}
 26546 | D:10     | Found a runed translucent door.
 26546 | D:10     | Noticed runemasterragnar's ghost (journeyman CoGl)
 26595 | D:10     | Noticed Sonja
 26600 | D:10     | Killed Sonja
 26715 | D:10     | Found a sacrificial altar of Ru.
 26988 | D:10     | Reached skill level 3 in Hexes
 27096 | D:10     | Identified a potion of resistance
 27330 | D:10     | Killed runemasterragnar's ghost
 27353 | D:10     | Learned a level 4 spell: Summon Lightning Spire
 28171 | D:12     | Reached skill level 4 in Hexes
 28248 | D:12     | Noticed Maurice
 28302 | D:11     | Something stole 415 gold
 28305 | D:11     | Killed Maurice
 28306 | D:11     | Reached skill level 12 in Summonings
 28676 | D:12     | Found a staircase to the Orcish Mines.
 28814 | Orc:1    | Entered Level 1 of the Orcish Mines
 29121 | Orc:1    | Reached XP level 15. HP: 94/94 MP: 14/27
 29315 | Orc:1    | Reached skill level 5 in Hexes
 29692 | Orc:2    | Entered Level 2 of the Orcish Mines
 29843 | Orc:2    | Reached skill level 13 in Summonings
 30884 | Orc:2    | Found Puapn's Distillery.
 30932 | Orc:2    | Found Vineffexu's Jewellery Emporium.
 30951 | Orc:2    | Offered knowledge of Starburst by Vehumet.
 31028 | Orc:2    | Reached skill level 14 in Summonings
 31053 | Orc:2    | Found a roughly hewn altar of Beogh.
 32456 | Orc:2    | Reached skill level 15 in Summonings
 32513 | Orc:2    | Found a staircase to the Elven Halls.
 32948 | Orc:2    | Identified the +3 long sword of Benevolence {flame, Int+7}
 33020 | Orc:2    | Noticed Donald
 34225 | Orc:2    | Noticed an orc warlord
 34228 | Orc:2    | Found a roughly hewn altar of Beogh.
 34247 | Orc:2    | Killed an orc warlord
 34564 | Orc:2    | Found Opopem's Magic Scroll Shoppe.
 34571 | Orc:2    | Offered knowledge of Spellforged Servitor by Vehumet.
 34636 | Orc:2    | Reached skill level 14 in Shields
 34715 | Orc:2    | Found Liud's Weapon Boutique.
 34973 | Orc:2    | Killed Donald
 35413 | D:12     | Reached skill level 2 in Conjurations
 35680 | D:12     | Identified the +1 ring mail of Wu Jian's Reproof {+Inv
                  | Int-3 Dex+4}
 35833 | D:12     | Got the Almanac of the Refulgent Sky
 36020 | D:13     | Reached skill level 3 in Conjurations
 36104 | D:13     | Found a gate to the Vaults.
 36117 | D:13     | Reached skill level 10 in Dodging
 36184 | D:13     | Reached skill level 4 in Conjurations
 36370 | D:13     | Reached XP level 16. HP: 101/101 MP: 22/28
 36396 | D:13     | Reached skill level 12 in Fighting
 36660 | D:13     | Noticed Jorgrun
 36677 | D:13     | Killed Jorgrun
 36678 | D:13     | Reached skill level 11 in Air Magic
 37247 | D:13     | Reached skill level 5 in Conjurations
 37665 | D:14     | Found a large runed translucent door.
 37665 | D:14     | Found a large runed translucent door.
 37669 | D:14     | Noticed runemasterragnar's ghost (journeyman CoGl)
 37722 | D:14     | Found a blossoming altar of Fedhas.
 37739 | D:14     | Offered knowledge of Iskenderun's Battlesphere by Vehumet.
 37823 | D:14     | Reached skill level 6 in Conjurations
 37964 | D:14     | Noticed Josephine
 37970 | D:14     | Killed Josephine
 38280 | D:14     | Noticed Agnes
 38287 | D:14     | Killed Agnes
 38793 | D:14     | Killed runemasterragnar's ghost
 38794 | D:14     | Reached skill level 12 in Air Magic
 38895 | D:15     | Entered Level 15 of the Dungeon
 38902 | D:15     | Reached skill level 7 in Conjurations
 39198 | D:14     | Upgraded the game from 0.32-a0-473-gd044c6f0f0 to
                  | 0.32-a0-485-g70f7560b1c
 39296 | D:15     | Reached skill level 15 in Shields
 39642 | D:15     | Reached skill level 8 in Spellcasting
 40177 | D:15     | Reached skill level 13 in Fighting
 40283 | D:15     | Found a radiant altar of Vehumet.
 40376 | D:15     | Reached skill level 8 in Conjurations
 40566 | D:15     | Learned a level 2 spell: Blink
 40599 | D:15     | Found a staircase to the Depths.
 41060 | Swamp:1  | Entered Level 1 of the Swamp
 41233 | Swamp:1  | Learned a level 5 spell: Freezing Cloud
 42161 | Swamp:1  | Reached skill level 16 in Summonings
 42418 | Swamp:1  | Reached XP level 17. HP: 108/108 MP: 15/30
 42832 | Swamp:1  | Reached skill level 17 in Summonings
 43968 | Swamp:2  | Reached skill level 18 in Summonings
 44670 | Swamp:2  | Reached skill level 19 in Summonings
 45025 | Swamp:2  | Offered knowledge of Bombard by Vehumet.
 45818 | Swamp:2  | Reached skill level 20 in Summonings
 47740 | Swamp:3  | Reached skill level 1 in Ice Magic
 48092 | Swamp:3  | Reached skill level 9 in Conjurations
 48467 | Swamp:4  | Entered Level 4 of the Swamp
 48936 | Swamp:4  | Reached skill level 2 in Ice Magic
 51234 | Swamp:4  | Reached skill level 9 in Spellcasting
 51425 | Swamp:4  | Reached skill level 10 in Conjurations
 53456 | Swamp:4  | Reached XP level 18. HP: 116/116 MP: 20/32
 54508 | Swamp:4  | Reached skill level 6 in Stealth
 55680 | Swamp:4  | Reached skill level 11 in Conjurations
 55709 | Swamp:4  | Learned a level 7 spell: Orb of Destruction
 55836 | Swamp:4  | Noticed a tentacled monstrosity
 55841 | Swamp:4  | Killed a tentacled monstrosity
 56101 | Swamp:4  | Reached skill level 7 in Stealth
 56432 | Swamp:4  | Got a decaying rune of Zot
 56597 | Snake:1  | Entered Level 1 of the Snake Pit
 56826 | Snake:1  | Identified the +8 war axe of Voune {pain, rElec rPois
                  | Stlth+}
 56844 | Snake:1  | Reached skill level 12 in Conjurations
 57379 | Snake:1  | Offered knowledge of Yara's Violent Unravelling by Vehumet.
 57380 | Snake:1  | Reached skill level 8 in Stealth
 57995 | Snake:2  | Found Ewoech's Magic Scroll Emporium.
 58021 | Snake:2  | Bought a scroll of blinking for 112 gold pieces
 58021 | Snake:2  | Bought a scroll of enchant armour for 112 gold pieces
 58889 | Snake:2  | Reached skill level 13 in Conjurations
 58896 | Snake:2  | Reached skill level 9 in Stealth
 58916 | Snake:2  | Identified the +1 robe of Gluttony {*Slow Dex+5 SInv}
 59104 | Snake:2  | Found Nisopt's Magic Scroll Shop.
 59105 | Snake:2  | Found Voeczoej's Weapon Shop.
 59109 | Snake:2  | Found Ryatosk's Antique Weapon Shop.
 59109 | Snake:2  | Found Femaenim's Jewellery Shop.
 59952 | Snake:3  | Reached skill level 10 in Stealth
 59953 | Snake:3  | Reached skill level 14 in Conjurations
 60098 | Snake:2  | Found Ryatosk's Antique Weapon Shop.
 60099 | Snake:2  | Found Femaenim's Jewellery Shop.
 60103 | Snake:2  | Found Nisopt's Magic Scroll Shop.
 60227 | Snake:2  | Found Voeczoej's Weapon Shop.
 60391 | Snake:2  | Found Ewoech's Magic Scroll Emporium.
 60931 | Snake:3  | Noticed Mlioglotl
 60944 | Snake:3  | Killed Mlioglotl
 61435 | Snake:3  | Reached skill level 15 in Conjurations
 61842 | Snake:3  | Reached skill level 13 in Air Magic
 61879 | Snake:4  | Entered Level 4 of the Snake Pit
 61879 | Snake:4  | Found a runed translucent gate.
 61879 | Snake:4  | Found a runed translucent gate.
 61879 | Snake:4  | Found a runed translucent gate.
 61887 | Snake:4  | Noticed jamsaran's ghost (adept DgAl)
 62109 | Snake:3  | Reached skill level 14 in Fighting
 62506 | Snake:4  | Found Arghit Duetu's Magic Scroll Shop.
 62509 | Snake:4  | Bought a scroll of blinking for 120 gold pieces
 62509 | Snake:4  | Bought a scroll of butterflies for 64 gold pieces
 63239 | Snake:4  | Identified the +3 trident of War {flame, ^Fragile Fly rC+
                  | Dex+2}
 63315 | Snake:4  | Reached skill level 11 in Stealth
 63456 | Snake:4  | Reached XP level 19. HP: 108/121 MP: 17/33
 63915 | Snake:4  | Offered knowledge of Conjure Ball Lightning by Vehumet.
 67841 | Snake:4  | Bought a scroll of teleportation for 48 gold pieces
 67841 | Snake:4  | Bought a scroll of fog for 64 gold pieces
 67841 | Snake:4  | Bought a scroll of enchant armour for 120 gold pieces
 67887 | Snake:2  | Bought a scroll of butterflies for 68 gold pieces
 67887 | Snake:2  | Bought a scroll of teleportation for 51 gold pieces
 67887 | Snake:2  | Bought a scroll of revelation for 127 gold pieces
 67887 | Snake:2  | Bought a scroll of fear for 68 gold pieces
 67887 | Snake:2  | Bought a scroll of teleportation for 51 gold pieces
 68178 | Vaults:1 | Entered Level 1 of the Vaults
 69353 | Vaults:1 | Paralysed by a formless jellyfish for 1 turns
 69743 | Vaults:1 | Reached skill level 21 in Summonings
 70071 | Orc:2    | Bought an amulet of magic regeneration for 480 gold pieces
 70071 | Orc:2    | Bought a ring of poison resistance for 320 gold pieces
 73278 | Vaults:2 | Identified the +1 dagger "Weizec" {speed, rF- rN++ Str+5}
 73738 | Vaults:2 | Reached skill level 15 in Fighting
 73743 | Vaults:2 | Reached skill level 22 in Summonings
 74081 | Vaults:2 | Noticed a bone dragon
 74739 | Vaults:2 | Reached XP level 20. HP: 129/129 MP: 21/34
 74791 | Vaults:2 | Killed a bone dragon
 74886 | Vaults:2 | Found a runed translucent gate.
 75750 | Vaults:2 | Found a runed translucent gate.
 75750 | Vaults:2 | Found a runed translucent gate.
 75750 | Vaults:2 | Found an ancient bone altar of Kikubaaqudgha.
 75750 | Vaults:2 | Noticed a dread lich
 75750 | Vaults:2 | Noticed an ancient lich
 75750 | Vaults:2 | Noticed AutarchDCSS's ghost (adept CoAl)
 75787 | Vaults:2 | Identified the +3 robe of the Hidden Vale {rElec rC+}
 75787 | Vaults:2 | Noticed Boris
 75839 | Vaults:2 | Killed Boris
 75950 | Vaults:2 | Found a staircase to the Crypt.
 76122 | Vaults:2 | Reached skill level 23 in Summonings
 76744 | Vaults:2 | Found a staircase to the Crypt.
 77273 | Vaults:2 | Paralysed by a dread lich for 5 turns
 78056 | Vaults:2 | Killed an ancient lich
 78443 | Vaults:2 | Killed a dread lich
 78444 | Vaults:2 | Reached skill level 10 in Spellcasting
 78641 | Vaults:2 | Found a staircase to the Crypt.
 78704 | Vaults:2 | Found an ancient bone altar of Kikubaaqudgha.
 78713 | Vaults:2 | Identified the ring "Visch" {*Slow Fly Will+ MP+9}
 78721 | Vaults:2 | Identified the +0 cloak of Decompression {rCorr Int-3
                  | Dex+3}
 78733 | Vaults:2 | Got Kikubaaqudgha's Grimoire of Abominable Secrets
 78845 | Vaults:2 | Killed AutarchDCSS's ghost
 81935 | Vaults:3 | Reached skill level 24 in Summonings
 84343 | Vaults:3 | Reached skill level 25 in Summonings
 86059 | Vaults:4 | Reached XP level 21. HP: 134/134 MP: 32/36
 88270 | Vaults:4 | Reached ****** piety under Vehumet
 88444 | Vaults:4 | Reached skill level 26 in Summonings
 89344 | Vaults:4 | Reached skill level 11 in Spellcasting
 89592 | Vaults:4 | Offered knowledge of Lehudib's Crystal Spear by Vehumet.
 89592 | Vaults:4 | Offered knowledge of Polar Vortex by Vehumet.
 89592 | Vaults:4 | Offered knowledge of Ignition by Vehumet.
 90661 | Elf:1    | Entered Level 1 of the Elven Halls
 90684 | Elf:1    | Identified the serpent talisman of Parsimonious Knowledge
                  | {rElec rN+ Int+6 Dex-3}
 90684 | Elf:1    | Noticed Aizul
 90689 | Elf:1    | Killed Aizul
 90805 | Elf:1    | Gained mutation: You are frail. (-10% HP) [mutagenic glow]
 91094 | Elf:1    | Learned a level 9 spell: Dragon's Call
 91559 | Elf:1    | Found a radiant altar of Vehumet.
 91855 | Elf:1    | Found Ynnan's Magic Scroll Boutique.
 92463 | Elf:2    | Found an ancient bone altar of Kikubaaqudgha.
 92647 | Elf:2    | Found a huge runed translucent gate.
 92647 | Elf:2    | Found a huge runed translucent gate.
 92647 | Elf:2    | Found a huge runed translucent gate.
 92651 | Elf:2    | Found a huge runed translucent gate.
 92651 | Elf:2    | Found a huge runed translucent gate.
 92818 | Elf:2    | Reached skill level 12 in Stealth
 92837 | Elf:2    | Reached skill level 12 in Spellcasting
 93701 | Elf:3    | Entered Level 3 of the Elven Halls
 93880 | Elf:3    | Reached skill level 27 in Summonings
 94048 | Elf:3    | Found Boduschir's Magic Scroll Shop.
 94049 | Elf:3    | Found Eraomi's Jewellery Boutique.
 94049 | Elf:3    | Found Fiuc's Weapon Shop.
 94053 | Elf:3    | Found Zeobli's Book Boutique.
 94550 | Elf:3    | Reached XP level 22. HP: 114/126 MP: 12/39
 95480 | Elf:3    | Reached skill level 13 in Stealth
 96674 | Elf:3    | Identified the +6 trident "Pazeol" {freeze, +Blink Str+3
                  | Stlth+}
 96674 | Elf:3    | Identified the ring "Buenuria" {rF+ rC+ Str+2}
 96775 | Elf:3    | Reached skill level 11 in Dodging
 97056 | Elf:3    | Reached skill level 14 in Stealth
 97897 | Elf:3    | Identified the +0 pair of gloves of the Arcane {Str+2}
 97906 | Elf:3    | Got the Lectures on Hyperbolic Haze
 97917 | Elf:3    | Got Joulucex's Verses on Earthen Finality
 97931 | Elf:3    | Got the Lectures on the Tropics and Distillation
 97933 | Elf:3    | Got The Histories of Mysteries of the Prophet
 97941 | Elf:3    | Identified the staff of Biocs {^Fragile rPois Dex+10 Tloc
                  | Earth}
 97944 | Elf:3    | Identified the staff of Disharmony {^Contam rPois Str+3
                  | Int+4 Alchemy}
 98156 | Elf:3    | Learned a level 7 spell: Summon Hydra
 98164 | Elf:3    | Learned a level 6 spell: Plasma Beam
 98671 | Slime:1  | Entered Level 1 of the Pits of Slime
 99112 | Slime:2  | Reached skill level 1 in Fire Magic
 99586 | Slime:1  | Gained mutation: You are dopey. (Int -2) [a shining eye]
 99596 | Slime:1  | Reached skill level 2 in Fire Magic
100697 | Slime:4  | Gained mutation: Your spells are a little easier to cast,
                  | but a little less powerful. [a shining eye]
100703 | Slime:4  | Reached skill level 3 in Fire Magic
100898 | Slime:4  | Found a viscous altar of Jiyva.
100935 | Slime:5  | Entered Level 5 of the Pits of Slime
101424 | Slime:5  | Reached skill level 16 in Fighting
101523 | Slime:5  | Reached skill level 13 in Spellcasting
101750 | Slime:5  | Reached skill level 15 in Stealth
102196 | Slime:5  | Reached skill level 12 in Dodging
102201 | Slime:5  | Reached skill level 4 in Fire Magic
102507 | Slime:5  | Noticed the Royal Jelly
102518 | Slime:5  | Killed the Royal Jelly
102621 | Slime:5  | Found the +8 autumn katana {manifold assault}
102621 | Slime:5  | Found the +7 great mace "Firestarter" {flame, immolate,
                  | rFlCloud rF++}
102696 | Slime:5  | Got the Incunable of Bewitching Flux
102700 | Slime:5  | Got a slimy rune of Zot
102739 | Slime:5  | Identified the amulet "Ydduly" {Regen+ Dex+2}
102782 | Slime:5  | Identified the +0 plate armour of Intuition {Harm +Blink}
102867 | Lair:4   | Lost mutation: Your spells are a little easier to cast, but
                  | a little less powerful. [potion of mutation]
102867 | Lair:4   | Lost mutation: You are dopey. (Int -2) [potion of mutation]
102867 | Lair:4   | Gained mutation: Your health recovers twice as slowly from
                  | being drained. [potion of mutation]
102867 | Lair:4   | Gained mutation: Your mind is acute. (Int +4, Str/Dex -1)
                  | [potion of mutation]
102883 | Lair:4   | Learned a level 8 spell: Summon Horrible Things
103224 | Depths:1 | Entered Level 1 of the Depths
103253 | Depths:1 | Noticed Saint Roka
103261 | D:15     | Reached XP level 23. HP: 114/132 MP: 2/41
103429 | Depths:1 | Killed Saint Roka
104465 | Depths:1 | Found a portal to a secret trove of treasure.
104680 | Depths:1 | Found a one-way gateway to a ziggurat.
104906 | Depths:1 | Found a one-way gate leading to the halls of Pandemonium.
105816 | Depths:1 | Identified the +5 whip "Jisaihei" {pain, Str+2 Int-5 Dex+2
                  | Stlth+}
105984 | Depths:1 | Found a gateway to Hell.
106010 | Depths:1 | Found Aghodet's Tremendous Tomes.
106056 | Depths:2 | Reached skill level 16 in Stealth
106060 | Depths:2 | Reached skill level 13 in Dodging
107421 | Depths:2 | Identified the blade talisman of Inviolability {rF- rN+++
                  | Str+5}
107439 | Depths:2 | Noticed Grunn
107463 | Depths:2 | HP: 2/133 [putrid mouth/foul vapour[a doom hound] (18)]
108202 | Depths:2 | Reached skill level 17 in Fighting
108355 | Depths:2 | Killed Grunn
108533 | Depths:2 | Reached skill level 14 in Spellcasting
108900 | Depths:2 | Reached skill level 14 in Dodging
108988 | Depths:2 | Reached XP level 24. HP: 49/140 MP: 22/42
110018 | Depths:2 | Found the +10 dark maul {heavy}
110107 | Depths:2 | Identified the ring "Esufa" {rElec rCorr EV+5 Dex-4 Stlth+}
111266 | Depths:2 | Learned a level 7 spell: Malign Gateway
111271 | Depths:2 | Learned a level 4 spell: Passage of Golubria
111271 | Depths:2 | Upgraded the game from 0.32-a0-485-g70f7560b1c to
                  | 0.32-a0-520-g344ed53f66
111271 | Depths:2 | Ruich: ??epic bugs
111271 | Depths:2 | beem: epic bugs[1/29]: if (you.religion = GOD_XOM)... (This
                  | bug was later re-implemented as "if (crawl_state.type =
                  | GAME_TYPE_CUSTOM_SEED)".)
111271 | Depths:2 | Ruich: epic bugs[2]
111271 | Depths:2 | Ruich: ??epic bugs[2]
111271 | Depths:2 | beem: epic bugs[2/29]: I think I may have just played one
                  | of these (like a gnoll castle, but with draconians). Is it
                  | supposed to have 200-300 draconians? Or is there an error
                  | with the monster generation?
                  | https://crawl.develz.org/mantis/view.php?id=4101
111271 | Depths:2 | Ruich: ??epic bugs[3]
111271 | Depths:2 | beem: octopode[2/6]: For four days in 2012, octopodes had
                  | eight times the normal squeeze damage (96 instead of 12),
                  | allowing them to one-shot greater mummies (among others)
                  | with ease. Introduced, and then ruined, by |amethyst; rest
                  | in peace.
111271 | Depths:2 | Ruich: ??epic bugs 2
111271 | Depths:2 | beem: I don't have a page labeled epic_bugs_2 in my
                  | learndb.
111271 | Depths:2 | Ruich: ??epic bugs[2]
111271 | Depths:2 | beem: epic bugs[2/29]: I think I may have just played one
                  | of these (like a gnoll castle, but with draconians). Is it
                  | supposed to have 200-300 draconians? Or is there an error
                  | with the monster generation?
                  | https://crawl.develz.org/mantis/view.php?id=4101
111271 | Depths:2 | Ruich: ??epic bugs
111271 | Depths:2 | beem: epic bugs[1/29]: if (you.religion = GOD_XOM)... (This
                  | bug was later re-implemented as "if (crawl_state.type =
                  | GAME_TYPE_CUSTOM_SEED)".)
111271 | Depths:2 | Ruich: ??epic bugs[4]
111271 | Depths:2 | beem: epic bugs[4/29]: Dash275 writes: There's a rather
                  | large security problem with the CSZO server. You don't
                  | actually need to enter a password to access an account.
111271 | Depths:2 | Ruich: ??epic bugs[5]
111271 | Depths:2 | beem: epic bugs[5/29]: !lg * max=dam x=dam
111271 | Depths:2 | Ruich: !lg * max=dam x=dam
111271 | Depths:2 | beem: 17538493. [dam=2652] b0rsuk the Sensei (L23 NaTm),
                  | annihilated by randart's ghost on Elf:2 on 2009-05-03
                  | 17:50:51, with 331353 points after 85691 turns and 8:26:51.
111271 | Depths:2 | Ruich: ??epic bugs[6]
111271 | Depths:2 | beem: epic bugs[6/29]: DracoOmega * 0.13-a0-338-gd5b758e:
                  | Fix all monster attack flavours inflicting 0 damage
111271 | Depths:2 | Ruich: ??epic bugs[7]
111271 | Depths:2 | beem: epic bugs[7/29]: MarvinPA * 0.13-a0-1343-gad4e203:
                  | Don't allow picking a draconian colour in init.txt
111271 | Depths:2 | Ruich: ??epic bugs[8]
111271 | Depths:2 | beem: epic bugs[8/29]: !lg * min=hp -log
111271 | Depths:2 | Ruich: !lg * min=hp -log
111271 | Depths:2 | beem: 17538501. Yuichan, XL2 HECj, T:739:
                  | http://crawl.develz.org/morgues/trunk/Yuichan/morgue-Yuicha
                  | n-20100317-100819.txt
111271 | Depths:2 | Ruich: ??epic bugs[9]
111271 | Depths:2 | beem: epic bugs[9/29]: every withered plant on the forest
                  | crypt ending seems to have a vampiric weapon under it
111271 | Depths:2 | Ruich: ??epic bugs[10]
111271 | Depths:2 | beem: epic bugs[10/29]: The orc calls on the powers of
                  | darkness! The orc convulses! The orc wizard convulses! The
                  | orc convulses! x2 Your body is wracked with pain!
111271 | Depths:2 | Ruich: ??epic bugs[11]
111271 | Depths:2 | beem: 1. hjklyubn, XL10 VpCK, T:14856:
                  | http://crawl.develz.org/morgues/0.13/hjklyubn/morgue-hjklyu
                  | bn-20131027-013657.txt
111271 | Depths:2 | Ruich: ??epic bugs[12]
111271 | Depths:2 | beem: epic bugs[12/29]: !log PleasingFungus kobe won 1
111271 | Depths:2 | Ruich: !log PleasingFungus kobe won 1
111271 | Depths:2 | beem: 1. PleasingFungus, XL27 KoBe, T:86540:
                  | http://crawl.berotato.org/crawl/morgue/PleasingFungus/morgu
                  | e-PleasingFungus-20140521-002909.txt
111271 | Depths:2 | Ruich: ??epic bugs[13]
111271 | Depths:2 | beem: epic bugs[13/29]: You reflect the bolt off your +0
                  | shield of reflection! The bolt hits the centaur
                  | warrior!!!!!!!!!!!!!!!!!!!!!!!!!!!
111271 | Depths:2 | Ruich: ??epic bugs[14]
111271 | Depths:2 | beem: epic bugs[14/29]: 15th september 2014: A change in
                  | trunk accidentally made walls multiply (instead of divide)
                  | the noise intensity. The bat hits you but does no damage.
                  | The hobgoblin shouts! You hear a shout! You hear a shout!
                  | You hear a shout! _You hear a shout! (3x)
111271 | Depths:2 | Ruich: ??epic bugs[15]
111271 | Depths:2 | beem: epic bugs[15/29]: E - cursed ring "Diygosh" {Str+2
                  | Int+3 Slay+150}
111271 | Depths:2 | Ruich: ??epic bugs[16]
111271 | Depths:2 | beem: epic bugs[16/29]: shit I think there's no way to
                  | actually fix this bug wheals accidentally converted all
                  | ego weapons into holy wrath weapons
111271 | Depths:2 | Ruich: ??epic bugs[17]
111271 | Depths:2 | beem: meleebug[1/2]: The git commit e0bdd66 roughly doubled
                  | player melee damage. This was not fixed until around
                  | halfway through the 0.16 tournament.
                  | http://s-z.org/neil/images/logicbug.jpg
111271 | Depths:2 | Ruich: ??epic bugs[18]
111271 | Depths:2 | beem: epic bugs[18/29]: From 0.5 to 0.16, freeze and
                  | vampiric draining had smite targeting if you used ! or @.
111271 | Depths:2 | Ruich: ??epic bugs[19]
111271 | Depths:2 | beem: epic bugs[19/29]: Sprint VI: "Fungusdome":
                  | http://i.imgur.com/5O3tSK8.jpg
111271 | Depths:2 | Ruich: ??epic bugs[20]
111271 | Depths:2 | beem: epic bugs[20/29]: Pakellas's Supercharge power didn't
                  | force wand/rod selection, allowing you to supercharge any
                  | item to an absurd enchantment level. Symptoms include +72
                  | clubs.
111271 | Depths:2 | Ruich: ??epic bugs[21]
111271 | Depths:2 | beem: epic bugs[21/29]: edsrzf the Devastator (L23 DsCj of
                  | Okawaru), blasted by an ancient lich (crystal spear) on
                  | Depths:3 (lemuel_river_lethe) on 2016-03-20 21:39:50, with
                  | 1859332704 points after 61543 turns and 5:46:14.
111271 | Depths:2 | Ruich: ??epic bugs[22]
111271 | Depths:2 | beem: epic bugs[22/29]: Dying and reincarnating as a felid
                  | while you had Wu Jian's Heaven on Earth ability active
                  | would leave the effect active forever, letting you
                  | accumulate infinite amounts of slaying bonus. This bug was
                  | implemented twice.
111271 | Depths:2 | Ruich: ??epic bugs[23]
111271 | Depths:2 | beem: epic bugs[23/29]: https://imgur.com/wv6hWTg
111271 | Depths:2 | Ruich: ??epic bugs[24]
111271 | Depths:2 | beem: epic bugs[24/29]: https://imgur.com/lqB1UvG
111271 | Depths:2 | Ruich: ??epic bugs[25]
111271 | Depths:2 | beem: epic bugs[25/29]: Found two hundred twenty-four
                  | gateways leading out of the Abyss.
                  | https://imgur.com/a/uaLmuz6
111271 | Depths:2 | Ruich: ??epic bugs[26]
111271 | Depths:2 | beem: epic bugs[26/29]: From 0.26 through 0.30-a, players
                  | could use Lua to memorize any spell, including those which
                  | they hadn't found and spells only available to monsters.
                  | Let it end in hellfire!
111271 | Depths:2 | Ruich: ??epic bugs[27]
111271 | Depths:2 | Ruich: ??epic bugs[27]
111271 | Depths:2 | beem: epic bugs[27/29]: For about an hour in trunk, all
                  | monsters except for shifters, toadstools, pillars of salt
                  | and blocks of ice were SLOWLY_DYING. Slowly meant in about
                  | 150-200 turns or so. See !lg :qwqw won xl=1
111271 | Depths:2 | Ruich: !lg :qwqw won xl=1
111271 | Depths:2 | beem: 1. qwqw the Sneak (L1 KoBr of Ashenzari), escaped
                  | with the Orb and 3 runes on 2023-05-24 23:52:25, with
                  | 1332303 points after 54754 turns and 0:51:42.
111271 | Depths:2 | Ruich: ??epic bugs[28]
111271 | Depths:2 | beem: epic bugs[28/29]:
                  | https://www.reddit.com/r/dcss/comments/18hvndr/
111271 | Depths:2 | Ruich: ??epic bugs[29]
111271 | Depths:2 | beem: epic bugs[29/29]: For a brief window after Draconian
                  | Breath rework, monster yellow draconians offered a new
                  | level of annihilation: Caustic Breath (3d195). See !lg *
                  | cv~~0.32 max(dam) x=dam
111319 | Depths:3 | Identified the amulet "Luut" {Acrobat Harm *Corrode Slay+2}
111525 | Depths:3 | Reached skill level 6 in Translocations
112187 | Depths:3 | Reached skill level 7 in Translocations
112501 | Depths:3 | Found a one-way gate to the infinite horrors of the Abyss.
113002 | Depths:4 | Entered Level 4 of the Depths
113083 | Depths:4 | Reached skill level 18 in Fighting
113104 | Depths:4 | Reached skill level 1 in Armour
113105 | Depths:4 | Reached skill level 15 in Dodging
113122 | Depths:4 | Reached skill level 2 in Armour
113612 | Depths:4 | Reached skill level 3 in Armour
114051 | Depths:4 | Reached skill level 4 in Armour
114304 | Depths:4 | Reached skill level 5 in Armour
115029 | Depths:4 | Reached skill level 6 in Armour
115125 | Depths:4 | Found a burning altar of Makhleb.
115172 | Depths:4 | Acquired 686 gold pieces
115302 | Depths:4 | Found a radiant altar of Vehumet.
115342 | Depths:4 | Reached XP level 25. HP: 106/147 MP: 16/42
115503 | Depths:4 | Noticed a juggernaut
115883 | Depths:4 | Reached skill level 7 in Armour
115898 | Depths:4 | Reached skill level 19 in Fighting
116857 | Depths:4 | Found a snail-covered altar of Cheibriados.
116886 | Depths:4 | Killed a juggernaut
117198 | Depths:4 | Found a gate to the Realm of Zot.
117663 | Depths:4 | Identified the ring of Hospitality {Int+7 SInv}
117711 | Depths:4 | Found a shimmering blue altar of Sif Muna.
117973 | Depths:4 | Identified the +10 rapier "Haet" {drain, rElec rCorr SInv}
118570 | Snake:4  | Killed jamsaran's ghost
118571 | Snake:4  | Reached skill level 8 in Armour
119194 | Orc:2    | Bought a potion of curing for 39 gold pieces
119194 | Orc:2    | Bought a potion of might for 52 gold pieces
119194 | Orc:2    | Bought 3 potions of curing for 117 gold pieces
119194 | Orc:2    | Bought a potion of resistance for 130 gold pieces
119194 | Orc:2    | Bought a potion of enlightenment for 65 gold pieces
119293 | Orc:2    | Bought a scroll of fear for 48 gold pieces
119293 | Orc:2    | Bought a scroll of butterflies for 48 gold pieces
119293 | Orc:2    | Bought a scroll of fear for 48 gold pieces
119293 | Orc:2    | Bought a scroll of vulnerability for 48 gold pieces
119293 | Orc:2    | Bought a scroll of teleportation for 36 gold pieces
119367 | Elf:1    | Bought a scroll of teleportation for 48 gold pieces
119367 | Elf:1    | Bought a scroll of amnesia for 64 gold pieces
119367 | Elf:1    | Bought a scroll of teleportation for 48 gold pieces
119367 | Elf:1    | Bought 2 scrolls of enchant armour for 240 gold pieces
119367 | Elf:1    | Bought a scroll of teleportation for 48 gold pieces
119426 | Elf:3    | Bought a scroll of enchant armour for 127 gold pieces
119426 | Elf:3    | Bought a scroll of enchant armour for 127 gold pieces
119768 | Snake:2  | Bought a scroll of teleportation for 45 gold pieces
119768 | Snake:2  | Bought a scroll of fog for 60 gold pieces
119768 | Snake:2  | Bought a scroll of revelation for 112 gold pieces
119857 | Snake:4  | Bought a scroll of silence for 152 gold pieces
120333 | Depths:1 | You paid a toll of 19 potions of curing to enter a treasure
                  | trove
120334 | Trove    | Entered a treasure trove
121191 | Snake:4  | Got a serpentine rune of Zot
121704 | Zot:1    | Entered Level 1 of the Realm of Zot
121718 | Zot:1    | Reached skill level 1 in Shapeshifting
121729 | Zot:1    | Reached skill level 2 in Shapeshifting
121734 | Zot:1    | Killed from afar by a yellow draconian annihilator

Vanquished Creatures
  the Royal Jelly (Slime:5)
  A dread lich (Vaults:2)
  An ancient lich (Vaults:2)
  Saint Roka (Depths:1)
  The ghost of AutarchDCSS the Eclecticist, an adept CoAl of Vehumet (Vaults:2)
  A bone dragon (Vaults:2)
  A tentacled monstrosity (Swamp:4)
  2 liches
  A deep elf master archer (Elf:3)
  A sphinx (Vaults:4)
  5 acid blobs (Slime:5)
  4 azure jellies (Slime:5)
  4 nagarajas
  5 vault wardens
  A deep elf sorcerer (Elf:3)
  An orc warlord (Vaults:4)
  A deep elf elementalist (Elf:3)
  3 quicksilver oozes (Slime:5)
  2 ironbound preservers (Vaults:2)
  An ophan (Depths:1)
  An ironbound thunderhulk (Vaults:2)
  2 formless jellyfish
  2 eleionomae (Swamp:4)
  3 stone giants
  A deep elf death mage (Elf:3)
  A dire elephant (Vaults:1)
  A war gargoyle (Vaults:4)
  Snorg (Lair:3)
  A green death (Swamp:4)
  4 crystal guardians
  2 entropy weavers
  6 yaktaur captains
  3 salamander tyrants (Snake:4)
  8 great orbs of eyes
  4 vault guards
  8 hydras
  3 catoblepae
  A two-headed ogre (D:8)
  A ghost crab (Swamp:3)
  5 centaur warriors
  2 ironbound frosthearts
  2 peacekeepers
  2 anacondas
  An ogre mage (Vaults:4)
  A death yak (Lair:3)
  A naga warrior (Snake:4)
  An orc high priest (Orc:2)
  3 naga sharpshooters
  A shock serpent (Snake:3)
  A skyshark (Lair:3)
  Amaemon (Lair:3)
  2 goliath frogs
  7 deep trolls
  3 spriggan druids (Swamp:1)
  A glowing orange brain (Depths:2)
  2 swamp dragons
  A naga ritualist (Snake:3)
  4 arcanists
  3 mana vipers
  4 bog bodies
  A deep elf archer (Elf:1)
  2 lindwurms
  A necromancer (Swamp:1)
  9 ironbound convokers
  A large abomination (Swamp:4)
  3 oklob plants (Lair:4)
  3 orc knights
  A cyclops (D:15)
  An ugly thing (Vaults:4)
  A manticore (D:13)
  3 will-o-the-wisps
  5 salamanders
  4 nameless horrors
  10 elephants
  14 black mambas
  A guardian serpent (Snake:4)
  2 torpor snails
  8 vault sentinels
  2 naga magi (Snake:4)
  19 cane toads
  5 rime drakes
  An eye of devastation (Depths:1)
  2 orange demons
  6 komodo dragons
  29 yaktaurs
  Jeremiah (D:8)
  A tormentor (Depths:2)
  A troll (D:10)
  6 tyrant leeches
  3 polar bears
  5 hornets
  17 blink frogs
  3 slime creatures
  An air elemental (Elf:1)
  A spriggan (Swamp:2)
  3 wyverns
  4 basilisks
  28 yaks
  A wraith (D:6)
  2 golden eyes
  A steam dragon (Lair:3)
  6 vampire mosquitoes
  13 nagas
  A redback (Vaults:4)
  3 swamp worms (Swamp:3)
  20 water moccasins
  5 ice beasts
  4 black bears
  4 ogres
  7 orc warriors
  2 laughing skulls (D:13)
  A swamp drake (Swamp:3)
  3 boggarts (Vaults:1)
  12 wolves
  2 phantoms
  20 bullfrogs
  A scorpion (D:4)
  A killer bee (D:9)
  5 electric eels
  3 bombardier beetles
  7 crimson imps (D:8)
  2 jellies (D:5)
  A gnoll bouda (D:8)
  4 hounds
  4 orc priests
  2 sleepcaps
  6 orc wizards
  4 hell rats (Lair:3)
  3 gnolls (D:8)
  5 adders
  2 shadow imps
  A white imp (D:8)
  2 ribbon worms
  25 orcs
  3 ball pythons
  7 endoplasms
  5 giant cockroaches
  3 goblins
  8 hobgoblins
  11 jackals (D:1)
  6 kobolds
  A quokka (D:3)
  5 bats
  6 frilled lizards
  7 rats
594 creatures vanquished.

Vanquished Creatures (collateral kills)
  A juggernaut (Depths:4)
  Boris (Vaults:2)
  4 golden dragons
  2 bone dragons (Depths:2)
  3 doom hounds (Depths:2)
  A Tzitzimitl (Depths:2)
  Jorgrun (D:13)
  The ghost of jamsaran the Toxicologist, an adept DgAl (Snake:4)
  A walking earthen tome (Depths:2)
  4 titans
  A tentacled monstrosity (Depths:3)
  Mlioglotl (Snake:3)
  5 liches
  3 quicksilver dragons
  A walking frostbound tome (Depths:2)
  A walking divine tome (Depths:2)
  2 deep elf blademasters (Elf:3)
  14 acid blobs
  Grunn (Depths:2)
  A deep elf master archer (Elf:3)
  3 sphinxes
  A death cob (Zot:1)
  A thorn hunter (Swamp:4)
  Agnes (D:14)
  8 tengu reavers
  3 storm dragons
  10 shadow dragons
  2 draconian monks (Depths:4)
  2 fenstrider witches
  2 nagarajas (Snake:4)
  13 fire giants
  4 deep elf sorcerers (Elf:3)
  Donald (Orc:2)
  3 azure jellies
  11 rockslimes
  Aizul (Elf:1)
  5 frost giants
  5 draconian knights
  2 iron dragons
  11 vault wardens
  2 draconian scorchers (Depths:4)
  3 balrugs
  A draconian shifter (Depths:4)
  3 deep elf elementalists (Elf:3)
  8 ironbound preservers
  2 reapers
  20 very ugly things
  4 draconian stormcallers (Depths:4)
  An orc warlord (Orc:2)
  A cacodemon (D:15)
  A formless jellyfish (Vaults:1)
  A draconian annihilator (Depths:4)
  7 quicksilver oozes
  4 ironbound thunderhulks
  14 stone giants
  4 eleionomae
  A spriggan defender (Depths:4)
  4 green draconians (Depths:4)
  3 putrid mouths (Depths:2)
  6 deep elf demonologists (Elf:3)
  A vampire knight (Depths:2)
  2 dire elephants (Vaults:1)
  3 deep elf death magi (Elf:3)
  7 bunyips
  The ghost of runemasterragnar the Severer, a journeyman CoGl of Ru (D:14)
  8 spark wasps
  7 deep elf annihilators
  4 yellow draconians
  6 purple draconians (Depths:4)
  A black draconian (Depths:4)
  A red draconian (Zot:1)
  The ghost of runemasterragnar the Thrower, a journeyman CoGl of Ru (D:10)
  A merfolk javelineer (Depths:2)
  A broodmother (shapeshifter) (Elf:1)
  10 ettins
  2 blizzard demons
  Josephine (D:14)
  3 shambling mangroves
  2 deep elf high priests (Elf:3)
  2 green deaths
  6 fire dragons
  7 yaktaur captains
  An entropy weaver (Vaults:1)
  9 ice dragons
  A rakshasa (Depths:1)
  7 hydras
  A ghost crab (Swamp:2)
  3 spriggan air magi
  5 great orbs of eyes
  5 alligators
  5 centaur warriors
  5 ironbound frosthearts
  5 boulder beetles
  12 vault guards
  6 anacondas
  A two-headed ogre (shapeshifter) (Depths:3)
  9 dancing weapons
  2 ogre magi
  11 two-headed ogres
  8 deep troll earth magi
  8 deep troll shamans
  7 death yaks
  8 orc high priests
  A hell hog (Depths:4)
  4 demonic crawlers
  2 occultists (Depths:1)
  8 naga sharpshooters
  10 naga warriors
  12 tengu warriors
  A spectral salamander (Snake:4)
  3 shock serpents
  6 sun demons
  11 deep elf knights
  6 spriggan berserkers
  Sonja (D:10)
  3 soul eaters (Depths:4)
  2 shadow wraiths (Depths:4)
  2 skeletal warriors
  2 salamander mystics
  10 iron trolls
  2 flayed ghosts
  2 large abominations (Swamp:4)
  9 bog bodies
  8 swamp dragons
  3 goliath frogs
  45 deep trolls
  2 quicksilver dragon simulacra (Depths:4)
  6 mana vipers
  A spriggan druid (Swamp:4)
  4 naga ritualists
  7 ironbound convokers
  5 lindwurms
  3 glowing orange brains
  2 thermic dynamos
  A phantasmal warrior (Vaults:4)
  3 arcanists
  7 orc knights
  17 deep elf archers
  38 ugly things
  18 deep elf zephyrmancers
  9 orc sorcerers
  6 shining eyes
  25 deep elf pyromancers
  An orb spider (shapeshifter) (Vaults:4)
  A wolf spider (D:15)
  A manticore (D:12)
  A moth of wrath (shapeshifter) (Depths:2)
  2 will-o-the-wisps
  Maurice (D:11)
  8 salamanders
  6 cyclopes
  3 elephants (Lair:5)
  A meliai (shapeshifter) (D:15)
  9 naga magi
  2 kobold blastminers (Orc:2)
  5 smoke demons
  6 vault sentinels
  15 black mambas
  2 eyes of devastation
  2 black mambas (shapeshifter)
  2 gargoyles (D:12)
  An ice statue (Depths:4)
  A cane toad (Lair:5)
  3 orange demons (Swamp:4)
  An unseen horror (D:13)
  3 freezing wraiths (Depths:4)
  A yaktaur (shapeshifter) (Depths:2)
  8 ice devils
  An efreet (D:14)
  21 yaktaurs
  3 kobold demonologists
  3 tormentors
  A komodo dragon (Lair:5)
  A troll (shapeshifter) (Elf:1)
  A queen bee (shapeshifter) (Elf:1)
  8 trolls
  2 tengu conjurers (D:13)
  14 hornets
  A tarantella (Vaults:4)
  8 tyrant leeches
  7 glass eyes
  A shock serpent simulacrum (Snake:4)
  A spectral black mamba (Snake:4)
  79 slime creatures
  A vampire (D:12)
  8 water elementals
  3 shadows
  A salamander simulacrum (Snake:4)
  A ynoxinul (D:10)
  11 spriggans
  4 wraiths (D:14)
  13 yaks
  3 fire elementals
  8 golden eyes
  A yak (shapeshifter) (Elf:1)
  2 redbacks
  12 vampire mosquitoes
  29 nameless horrors
  A steam dragon (D:9)
  7 wargs
  30 nagas
  4 small abominations
  An acid dragon (D:10)
  9 swamp worms
  A swamp drake (Swamp:4)
  46 orc warriors
  An ettin simulacrum (Depths:4)
  A black mamba simulacrum (Snake:4)
  6 centaurs
  19 ogres
  2 boggarts (Vaults:1)
  2 kobold brigands (D:11)
  A brain worm (shapeshifter) (Elf:1)
  5 earth elementals
  4 wights (D:10)
  5 killer bees (D:9)
  A howler monkey (D:12)
  4 naga simulacra (Snake:4)
  26 orc priests
  11 orc wizards
  A boggart simulacrum (D:14)
  84 orcs
  8 kobolds
  A snaplasher vine (D:14)
1347 creatures vanquished.

Vanquished Creatures (others)
  6 eldritch tentacles
  A very ugly thing (Depths:4)
  A great orb of eyes (Depths:1)
  2 bloated husks
  A water elemental (Elf:2)
  A nameless horror (D:15)
  A howler monkey (D:12)
  23 foxfires
  68 snaplasher vines
104 creatures vanquished.

Grand Total: 2045 creatures vanquished

Table legend: (Time is in decaauts)
 A = Elapsed time spent in this place.
 B = Non-inter-level travel time spent in this place.
 C = Inter-level travel time spent in this place.
 D = Time resting spent in this place.
 E = Time spent auto-exploring this place.
 F = Levels seen in this place.
 G = Mean time per level.
                   A        B        C        D        E       F      G
               +--------+--------+--------+--------+--------+-----+--------+
         Total | 121963 | 114862 |   7101 |  69286 |  23455 |  49 | 2489.0 |
       Dungeon |  23937 |  21107 |   2830 |  10269 |   7712 |  15 | 1595.8 |
        Temple |    557 |    557 |      0 |    475 |      0 |   1 |  557.0 |
          Lair |  14112 |  12999 |   1113 |   7257 |   3673 |   5 | 2822.4 |
         Swamp |  15519 |  15231 |    288 |  11304 |   2069 |   4 | 3879.8 |
     Snake Pit |  12450 |  11759 |    691 |   6884 |   2777 |   4 | 3112.5 |
    Slime Pits |   4154 |   4154 |      0 |   2865 |    266 |   5 |  830.8 |
  Orcish Mines |   6726 |   6161 |    565 |   3758 |    872 |   2 | 3363.0 |
   Elven Halls |   7901 |   7552 |    349 |   4666 |   1219 |   3 | 2633.7 |
        Vaults |  22058 |  21505 |    553 |  13821 |   3468 |   4 | 5514.5 |
        Depths |  14442 |  13733 |    709 |   7987 |   1399 |   4 | 3610.5 |
           Zot |     29 |     29 |      0 |      0 |      0 |   1 |   29.0 |
         Trove |     72 |     72 |      0 |      0 |      0 |   1 |   72.0 |
               +--------+--------+--------+--------+--------+-----+--------+

Top non-repeatable levels by time:
Vaults:2: 6690 daAuts
 Swamp:4: 6153 daAuts
 Snake:4: 5914 daAuts
   Orc:2: 5777 daAuts
Vaults:4: 5551 daAuts
Vaults:1: 4977 daAuts
Vaults:3: 4839 daAuts
  Lair:4: 4211 daAuts
Depths:3: 3968 daAuts
  Lair:5: 3780 daAuts
Depths:4: 3626 daAuts
   Elf:3: 3538 daAuts
Depths:2: 3431 daAuts
Depths:1: 3415 daAuts
 Swamp:3: 3330 daAuts

Table legend:
 A = Non-vault XP
 B = Vault XP
 C = Vault XP percentage of total XP
 D = Non-vault monster count
 E = Vault monster count
 F = Vault count percentage of total count
                 A         B        C        D         E       F
            +---------+---------+-------+---------+---------+-------
      Total |  521107 |  500226 |  49.0 |    1116 |     768 |  40.8
            +---------+---------+-------+---------+---------+-------
        D:1 |      63 |       0 |   0.0 |      38 |       0 |   0.0
        D:2 |      96 |       1 |   1.0 |      14 |       1 |   6.7
        D:3 |      55 |       0 |   0.0 |      15 |       0 |   0.0
        D:4 |     457 |       0 |   0.0 |       9 |       0 |   0.0
        D:5 |     402 |       0 |   0.0 |      13 |       0 |   0.0
        D:6 |     137 |     205 |  59.9 |       6 |       1 |  14.3
        D:7 |    1020 |     931 |  47.7 |      20 |       4 |  16.7
        D:8 |    2354 |    1224 |  34.2 |      19 |      14 |  42.4
        D:9 |    2616 |       0 |   0.0 |      33 |       0 |   0.0
       D:10 |    3932 |    1945 |  33.1 |      18 |       3 |  14.3
       D:11 |    3266 |    1306 |  28.6 |      15 |       2 |  11.8
       D:12 |    3062 |    7270 |  70.4 |      11 |      16 |  59.3
       D:13 |    7407 |    8784 |  54.3 |      18 |       9 |  33.3
       D:14 |   15741 |    4226 |  21.2 |      35 |       7 |  16.7
       D:15 |   12871 |    7753 |  37.6 |      23 |      14 |  37.8
     Temple |     269 |       0 |   0.0 |       3 |       0 |   0.0
     Lair:1 |    5217 |     175 |   3.2 |      19 |       2 |   9.5
     Lair:2 |    4507 |    1645 |  26.7 |      22 |       7 |  24.1
     Lair:3 |   13477 |    3007 |  18.2 |      37 |       8 |  17.8
     Lair:4 |    5904 |    9130 |  60.7 |      19 |      30 |  61.2
     Lair:5 |   11188 |    6404 |  36.4 |      29 |      24 |  45.3
    Swamp:1 |   11086 |    4736 |  29.9 |      19 |       6 |  24.0
    Swamp:2 |   17619 |       0 |   0.0 |      32 |       0 |   0.0
    Swamp:3 |   13066 |     861 |   6.2 |      24 |       1 |   4.0
    Swamp:4 |   16343 |   20398 |  55.5 |      33 |      30 |  47.6
    Snake:1 |    8396 |       0 |   0.0 |      18 |       0 |   0.0
    Snake:2 |   14527 |    2004 |  12.1 |      29 |       3 |   9.4
    Snake:3 |   12838 |    4255 |  24.9 |      25 |       5 |  16.7
    Snake:4 |   20123 |   20778 |  50.8 |      39 |      39 |  50.0
    Slime:1 |    8860 |       0 |   0.0 |      18 |       0 |   0.0
    Slime:2 |   10846 |       0 |   0.0 |      22 |       0 |   0.0
    Slime:3 |    6528 |       0 |   0.0 |      10 |       0 |   0.0
    Slime:4 |    6052 |       0 |   0.0 |      18 |       0 |   0.0
    Slime:5 |    8254 |   20907 |  71.7 |      10 |      15 |  60.0
      Orc:1 |    5379 |       0 |   0.0 |      32 |       0 |   0.0
      Orc:2 |       0 |   23816 | 100.0 |       0 |     165 | 100.0
      Elf:1 |   10577 |    6117 |  36.6 |      20 |      11 |  35.5
      Elf:2 |   22617 |    1660 |   6.8 |      39 |       2 |   4.9
      Elf:3 |   21261 |   34305 |  61.7 |      37 |      30 |  44.8
   Vaults:1 |   15157 |   25933 |  63.1 |      22 |      36 |  62.1
   Vaults:2 |   36892 |   20866 |  36.1 |      52 |       7 |  11.9
   Vaults:3 |   39479 |    8107 |  17.0 |      63 |      13 |  17.1
   Vaults:4 |   17151 |   44158 |  72.0 |      30 |      45 |  60.0
   Depths:1 |   18381 |   13132 |  41.7 |      20 |      21 |  51.2
   Depths:2 |   44488 |   82116 |  64.9 |      51 |      86 |  62.8
   Depths:3 |   19949 |   24815 |  55.4 |      19 |      23 |  54.8
   Depths:4 |   12577 |   87256 |  87.4 |      12 |      88 |  88.0
      Zot:1 |    8620 |       0 |   0.0 |       6 |       0 |   0.0
            +---------+---------+-------+---------+---------+-------
